MLB
CLEVELAND GUARDIANS @ MINNESOTA TWINS
09/09/2098
 
TOP OF THE 1ST
Cleveland Guardians batting - Pitching for Minnesota Twins : LHP Josh Schumann
Pitching: LHP Josh Schumann
Batting: RHB Rogelio Cosme 0-0: Swinging Strike
0-1: Ball
1-1: Ball
2-1: Ball
3-1: Called Strike
3-2: Ground out 6-3 (Groundball, 6, EV 85.6 MPH)
Batting: SHB Jose Agramonte 0-0: Ball
1-0: Called Strike
1-1: Swinging Strike
1-2: Ball
2-2: Foul Ball, location: 2LF
2-2: Foul Ball, location: 5FF
2-2: Ball
3-2: Strikes out looking
Batting: RHB Barry Nicholson 0-0: Ball
1-0: Ball
2-0: Called Strike
2-1: Swinging Strike
2-2: Strikes out swinging
Top of the 1st over - 0 runs, 0 hits, 0 errors, 0 left on base; Cleveland 0 - Minnesota 0
BOTTOM OF THE 1ST
Minnesota Twins batting - Pitching for Cleveland Guardians : LHP Danny Sanchez
Pitching: LHP Danny Sanchez
Batting: RHB Rogelio Rivera 0-0: Fly out, F6 (Line Drive, 6D, EV 69.4 MPH)
Batting: SHB Jim Whitlock 0-0: Ball
1-0: Called Strike
1-1: Ball
2-1: Foul Ball, location: 9LMF
2-2: Ground out 5-3 (Groundball, 56, EV 90.6 MPH)
Batting: RHB Bill Widby 0-0: Called Strike
0-1: Swinging Strike
0-2: Ball
1-2: Strikes out swinging
Bottom of the 1st over - 0 runs, 0 hits, 0 errors, 0 left on base; Cleveland 0 - Minnesota 0
TOP OF THE 2ND
Cleveland Guardians batting - Pitching for Minnesota Twins : LHP Josh Schumann
Batting: LHB Jonathan Setzler 0-0: Foul Ball, location: 7LSF
0-1: Ball
1-1: Ball
2-1: Swinging Strike
2-2: Strikes out looking
Batting: RHB Jimmy Murphey 0-0: Called Strike
0-1: Ball
1-1: Ball
2-1: Ground out 6-3 (Groundball, 6, EV 88.1 MPH)
Batting: RHB Ciro Visconti 0-0: Ball
1-0: Swinging Strike
1-1: Fly out, F8 (Flyball, 8LD, EV 82.5 MPH)
Top of the 2nd over - 0 runs, 0 hits, 0 errors, 0 left on base; Cleveland 0 - Minnesota 0
BOTTOM OF THE 2ND
Minnesota Twins batting - Pitching for Cleveland Guardians : LHP Danny Sanchez
Batting: SHB William Maki 0-0: Swinging Strike
0-1: Foul Ball, location: 5F
0-2: Ground out 6-3 (Groundball, 6M, EV 87.5 MPH)
Batting: RHB Joe Looby 0-0: Ball
1-0: Foul Ball, location: 9LSF
1-1: SINGLE (Groundball, 4, EV 101.3 MPH) (infield hit)
Batting: LHB Dan Barker 0-0: Ball
1-0: Called Strike
1-1: Swinging Strike
1-2: Strikes out swinging
Batting: RHB Pablo Luna 0-0: Called Strike
0-1: Foul Ball, location: 2F
0-2: Ball
1-2: Foul Ball, location: 2F
1-2: Ball
2-2: Foul Ball, location: 23FF
2-2: Foul Ball, location: 2F
2-2: Ball
3-2: Foul Ball, location: 2F
3-2: Foul Ball, location: 2F
3-2: Foul Ball, location: 9LSF
3-2: Foul Ball, location: 25FF
3-2: Foul Ball, location: 25F
3-2: Foul Ball, location: 2RF
3-2: SINGLE (Groundball, 15, EV 70.0 MPH) (infield hit)
Joe Looby to second
Batting: RHB Jake Landen 0-0: Called Strike
0-1: Ball
1-1: Ball
2-1: Called Strike
2-2: Ball
3-2: DOUBLE (Groundball, 5L, EV 102.5 MPH)
Joe Looby scores
Pablo Luna to third
Pablo Luna scores
Batting: SHB Nick White 0-0: Called Strike
0-1: Foul Ball, location: 7LSF
0-2: DOUBLE (Line Drive, 89M, EV 94.4 MPH)
Jake Landen scores
Batting: RHB Rogelio Rivera 0-0: Foul Ball, location: 2F
0-1: Ball
1-1: DOUBLE (Groundball, 5L, EV 96.9 MPH)
Nick White scores
Batting: SHB Jim Whitlock 0-0: Called Strike
0-1: TRIPLE (Line Drive, 9LD, EV 101.3 MPH)
Rogelio Rivera scores
Batting: RHB Bill Widby 0-0: Foul Ball, location: 2LF
0-1: Swinging Strike
0-2: Ball
1-2: Foul Ball, location: 2LF
1-2: Ground out 5-3 (Groundball, 56S, EV 84.4 MPH)
Bottom of the 2nd over - 5 runs, 6 hits, 0 errors, 1 left on base; Cleveland 0 - Minnesota 5
TOP OF THE 3RD
Cleveland Guardians batting - Pitching for Minnesota Twins : LHP Josh Schumann
Batting: RHB Chris Downs 0-0: Called Strike
0-1: Foul Ball, location: 9LMFF
0-2: Ball
1-2: Fly out, F8 (Line Drive, 8LD, EV 88.1 MPH)
Batting: RHB Chris Goacher 0-0: Ball
1-0: Called Strike
1-1: Ball
2-1: SINGLE (Groundball, 34D, EV 100.0 MPH)
Batting: RHB Jesse Hansen 0-0: Ball
1-0: Called Strike
1-1: Ball
2-1: Foul Ball, location: 2F
2-2: Foul Ball, location: 9LSF
2-2: Foul Ball, location: 9LDF
2-2: Grounds into double play, 5-4-3 (Groundball, 5S, EV 83.1 MPH)
Top of the 3rd over - 0 runs, 1 hit, 0 errors, 0 left on base; Cleveland 0 - Minnesota 5
BOTTOM OF THE 3RD
Minnesota Twins batting - Pitching for Cleveland Guardians : LHP Danny Sanchez
Batting: SHB William Maki 0-0: Foul Ball, location: 3SF
0-1: Ball
1-1: Swinging Strike
1-2: Foul Ball, location: 5FF
1-2: Foul Ball, location: 2F
1-2: Strikes out swinging
Batting: RHB Joe Looby 0-0: Foul Ball, location: 2F
0-1: Foul Ball, location: 5FF
0-2: Ball
1-2: Ball
2-2: Ball
3-2: Foul Ball, location: 2F
3-2: Foul Ball, location: 2F
3-2: Strikes out swinging
Batting: LHB Dan Barker 0-0: Foul Ball, location: 9LMF
0-1: Foul Ball, location: 7LDF
0-2: Strikes out looking
Bottom of the 3rd over - 0 runs, 0 hits, 0 errors, 0 left on base; Cleveland 0 - Minnesota 5
TOP OF THE 4TH
Cleveland Guardians batting - Pitching for Minnesota Twins : LHP Josh Schumann
Batting: RHB Rogelio Cosme 0-0: Ball
1-0: Swinging Strike
1-1: Ball
2-1: Ball
3-1: Base on Balls
Batting: SHB Jose Agramonte 0-0: Ball
1-0: Ball
2-0: Ball
3-0: Base on Balls
Rogelio Cosme to second
Batting: RHB Barry Nicholson 0-0: Ball
1-0: Ball
2-0: Ball
3-0: Called Strike
3-1: DOUBLE (Line Drive, 3D, EV 96.9 MPH)
Rogelio Cosme scores
Jose Agramonte to third
Runner from 3rd tries for Home, SAFE, throw by RF to trailing runner, OUT at third! 9-3-5
Batting: LHB Jonathan Setzler 0-0: Ball
1-0: Ground out U3 (Groundball, 3, EV 86.3 MPH)
Batting: RHB Jimmy Murphey 0-0: Ball
1-0: SOLO HOME RUN (Flyball, 7LD, EV 94.4 MPH), Distance : 344 ft
Batting: RHB Ciro Visconti 0-0: Swinging Strike
0-1: Swinging Strike
0-2: Foul Ball, location: 23FF
0-2: Ball
1-2: Foul Ball, location: 5FF
1-2: Strikes out swinging
Top of the 4th over - 3 runs, 2 hits, 0 errors, 0 left on base; Cleveland 3 - Minnesota 5
BOTTOM OF THE 4TH
Minnesota Twins batting - Pitching for Cleveland Guardians : LHP Danny Sanchez
Batting: RHB Pablo Luna 0-0: Called Strike
0-1: Ball
1-1: Ball
2-1: Ball
3-1: Base on Balls
Batting: RHB Jake Landen 0-0: Foul Ball, location: 9LDF
0-1: Fly out, F9 (Line Drive, 8RD, EV 85.6 MPH)
Batting: SHB Nick White 0-0: Called Strike
0-1: Called Strike
Pablo Luna is caught stealing 2nd base 2-4
0-2: Ball
1-2: Ground out U3 (Groundball, 13, EV 85.6 MPH)
Bottom of the 4th over - 0 runs, 0 hits, 0 errors, 0 left on base; Cleveland 3 - Minnesota 5
TOP OF THE 5TH
Cleveland Guardians batting - Pitching for Minnesota Twins : LHP Josh Schumann
Batting: RHB Chris Downs 0-0: Ball
1-0: Fly out, F4 (Popup, 4S, EV 78.1 MPH)
Batting: RHB Chris Goacher 0-0: Ground out 4-3 (Groundball, 4, EV 88.8 MPH)
Batting: RHB Jesse Hansen 0-0: Foul Ball, location: 3F
0-1: DOUBLE (Flyball, 8LXD, EV 109.4 MPH)
Batting: RHB Rogelio Cosme 0-0: Called Strike
0-1: Foul Ball, location: 3DF
0-2: Ball
1-2: Fly out, F8 (Flyball, 8RD, EV 92.5 MPH)
Top of the 5th over - 0 runs, 1 hit, 0 errors, 1 left on base; Cleveland 3 - Minnesota 5
BOTTOM OF THE 5TH
Minnesota Twins batting - Pitching for Cleveland Guardians : LHP Danny Sanchez
Batting: RHB Rogelio Rivera 0-0: Called Strike
0-1: Ground out 1-3 (Groundball, 15S, EV 74.4 MPH)
Batting: SHB Jim Whitlock 0-0: Swinging Strike
0-1: SINGLE (Groundball, 4S, EV 72.5 MPH) (infield hit)
Batting: RHB Bill Widby 0-0: Called Strike
0-1: Foul Ball, location: 23F
0-2: Foul Ball, location: 2F
0-2: Ball
1-2: Ball
2-2: Ball
3-2: 2-RUN HOME RUN (Flyball, 78XD, EV 108.8 MPH), Distance : 415 ft
Pitching: RHP Ernesto Neri
Batting: SHB William Maki 0-0: Foul Ball, location: 5DF
0-1: Foul Ball, location: 5FF
0-2: Ball
1-2: Strikes out swinging
Batting: RHB Joe Looby 0-0: Foul Ball, location: 2F
0-1: Ball
1-1: Ball
2-1: Fly out, F8 (Flyball, 8LD, EV 100.0 MPH)
Bottom of the 5th over - 2 runs, 2 hits, 0 errors, 0 left on base; Cleveland 3 - Minnesota 7
TOP OF THE 6TH
Cleveland Guardians batting - Pitching for Minnesota Twins : LHP Josh Schumann
Batting: SHB Jose Agramonte 0-0: SINGLE (Groundball, 4MS, EV 73.8 MPH) (infield hit)
Batting: RHB Barry Nicholson 0-0: Ball
1-0: Called Strike
1-1: Swinging Strike
1-2: Ball
2-2: Ball
3-2: Fly out, F3 (Popup, 34S, EV 80.6 MPH)
Pitching: RHP Jaden Moore
Batting: LHB Jonathan Setzler 0-0: Ball
Jose Agramonte steals 2nd base
1-0: Ground out 4-3 (Groundball, 4, EV 90.0 MPH)
Jose Agramonte to third
Batting: RHB Jimmy Murphey 0-0: Called Strike
0-1: 2-RUN HOME RUN (Flyball, 89XD, EV 108.1 MPH), Distance : 410 ft
Batting: RHB Ciro Visconti 0-0: Ball
1-0: Swinging Strike
1-1: Ball
2-1: Ball
3-1: Ground out 5-3 (Groundball, 5, EV 106.9 MPH)
Top of the 6th over - 2 runs, 2 hits, 0 errors, 0 left on base; Cleveland 5 - Minnesota 7
BOTTOM OF THE 6TH
Minnesota Twins batting - Pitching for Cleveland Guardians : RHP Ernesto Neri
Batting: LHB Dan Barker 0-0: Ground out 4-3 (Groundball, 34D, EV 86.9 MPH)
Batting: RHB Pablo Luna 0-0: Called Strike
0-1: Swinging Strike
0-2: Strikes out looking
Batting: RHB Jake Landen 0-0: Swinging Strike
0-1: Foul Ball, location: 2F
0-2: Strikes out swinging
Bottom of the 6th over - 0 runs, 0 hits, 0 errors, 0 left on base; Cleveland 5 - Minnesota 7
TOP OF THE 7TH
Cleveland Guardians batting - Pitching for Minnesota Twins : RHP Jaden Moore
Batting: RHB Chris Downs 0-0: Swinging Strike
0-1: Foul Ball, location: 23FF
0-2: Foul Ball, location: 9LMF
0-2: Ball
1-2: Strikes out swinging
Pinch Hitting: LHB Mel Soto 0-0: Called Strike
0-1: Foul Ball, location: 7LMF
0-2: Strikes out swinging
Batting: RHB Jesse Hansen 0-0: Called Strike
0-1: Ball
1-1: Fly out, F7 (Flyball, 78M, EV 76.3 MPH)
Top of the 7th over - 0 runs, 0 hits, 0 errors, 0 left on base; Cleveland 5 - Minnesota 7
BOTTOM OF THE 7TH
Minnesota Twins batting - Pitching for Cleveland Guardians : RHP Ernesto Neri
Now at 2B: Ciro Visconti
Now in RF: Mel Soto
Batting: SHB Nick White 0-0: DOUBLE (Line Drive, 78M, EV 101.3 MPH)
Batting: RHB Rogelio Rivera 0-0: Called Strike
0-1: Ball
1-1: Ball
2-1: Swinging Strike
2-2: Strikes out looking
Batting: SHB Jim Whitlock 0-0: Called Strike
0-1: Hit by Pitch
Batting: RHB Bill Widby 0-0: Called Strike
0-1: SINGLE (Line Drive, 9S, EV 103.8 MPH)
Nick White to third
Jim Whitlock to second
Batting: SHB William Maki 0-0: Ball
1-0: Called Strike
1-1: Ball
2-1: Ball
3-1: Base on Balls
Nick White scores
Jim Whitlock to third
Bill Widby to second
Batting: RHB Joe Looby 0-0: Ball
1-0: Foul Ball, location: 9LSF
1-1: Ball
2-1: Called Strike
2-2: Ball
3-2: SINGLE (Line Drive, 7S, EV 98.1 MPH)
Jim Whitlock scores
Bill Widby to third
William Maki to second
Runner from 3rd tries for Home, SAFE, throw by LF to home
William Maki to third
Joe Looby to second
Pitching: RHP Rich Valente
Batting: LHB Dan Barker 0-0: Called Strike
0-1: TRIPLE (Line Drive, 7LD, EV 106.3 MPH)
William Maki scores
Joe Looby scores
Batting: RHB Pablo Luna 0-0: Called Strike
0-1: Foul Ball, location: 5FF
0-2: Ball
1-2: Foul Ball, location: 2F
1-2: Strikes out swinging
Batting: RHB Jake Landen 0-0: 2-RUN HOME RUN (Flyball, 78XD, EV 102.5 MPH), Distance : 382 ft
Batting: SHB Nick White 0-0: Fly out, F3 (Line Drive, 34, EV 76.3 MPH)
Bottom of the 7th over - 7 runs, 5 hits, 0 errors, 0 left on base; Cleveland 5 - Minnesota 14
TOP OF THE 8TH
Cleveland Guardians batting - Pitching for Minnesota Twins : RHP Jaden Moore
Batting: RHB Rogelio Cosme 0-0: Ball
1-0: Called Strike
1-1: Foul Ball, location: 2F
1-2: Ball
2-2: Foul Ball, location: 2F
2-2: Ball
3-2: Foul Ball, location: 9LDF
3-2: Foul Ball, location: 9LSF
3-2: Strikes out swinging
Batting: SHB Jose Agramonte 0-0: Called Strike
0-1: Foul Ball, location: 23F
0-2: Ground out 4-3 (Groundball, 4MD, EV 96.9 MPH)
Batting: RHB Barry Nicholson 0-0: Called Strike
0-1: Foul Ball, location: 3SF
0-2: Strikes out swinging
Top of the 8th over - 0 runs, 0 hits, 0 errors, 0 left on base; Cleveland 5 - Minnesota 14
BOTTOM OF THE 8TH
Minnesota Twins batting - Pitching for Cleveland Guardians : RHP Rich Valente
Batting: RHB Rogelio Rivera 0-0: Ball
1-0: Foul Ball, location: 5FF
1-1: Ground out 6-3 (Groundball, 6, EV 101.3 MPH)
Batting: SHB Jim Whitlock 0-0: Swinging Strike
0-1: Ball
1-1: Fly out, F5 (Line Drive, 56, EV 64.4 MPH)
Batting: RHB Bill Widby 0-0: Called Strike
0-1: DOUBLE (Line Drive, 7LS, EV 86.3 MPH)
Batting: SHB William Maki 0-0: Called Strike
0-1: Foul Ball, location: 3FF
0-2: Ball
1-2: Foul Ball, location: 7LDF
1-2: Ball
2-2: Fly out, F3 (Popup, 3, EV 61.9 MPH)
Bottom of the 8th over - 0 runs, 1 hit, 0 errors, 1 left on base; Cleveland 5 - Minnesota 14
TOP OF THE 9TH
Cleveland Guardians batting - Pitching for Minnesota Twins : RHP Jaden Moore
Pitching: RHP Mario Prado
Batting: LHB Jonathan Setzler 0-0: SINGLE (Groundball, 4MD, EV 98.8 MPH)
Batting: RHB Jimmy Murphey 0-0: Ball
1-0: Called Strike
1-1: Called Strike
1-2: Fly out, F7 (Flyball, 78M, EV 90.0 MPH)
Pinch Hitting: LHB Donny Liebler 0-0: Foul Ball, location: 2F
0-1: Ball
1-1: Ball
2-1: Swinging Strike
2-2: Grounds into double play, 4-6-3 (Groundball, 4, EV 108.8 MPH)
Top of the 9th over - 0 runs, 1 hit, 0 errors, 0 left on base; Cleveland 5 - Minnesota 14
Sunday, April 14th , 2024 - OOTP Baseball 24.11 Build 85